 Dungeon Crawl Stone Soup version 0.29.1-1-gd02db6906a (webtiles) character file.

Game seed: 12887323770440297569

5392 lonewolfV2 the Trooper (level 10, 0/104 HPs)
             Began as a Troll Fighter on Oct 17, 2022.
             Was an Elder of Okawaru.
             Slain by an eight-headed hydra (12 damage)
             ... on level 12 of the Dungeon.
             The game lasted 00:18:19 (8659 turns).

lonewolfV2 the Trooper (Troll Fighter)              Turns: 8659, Time: 00:18:20

Health: 0/104      AC:  8    Str: 30    XL:     10   Next: 39%
Magic:  9/9        EV: 10    Int:  4    God:    Okawaru [****..]
Gold:   478        SH: 21    Dex: 15    Spells: 9/9 levels left

rFire   . . .      SeeInvis .     - Unarmed
rCold   . . .      Faith    .   p - +1 tower shield
rNeg    . . .      Spirit   .   a - +0 robe
rPois   .          Reflect  +   (helmet restricted)
rElec   .          Harm     .   (no cloak)
rCorr   .          Rampage  .   (gloves unavailable)
Will    .....                   (boots unavailable)
Stlth   +.........              s - amulet of reflection
HPRegen 1.07/turn               u - +4 ring of protection
MPRegen 0.11/turn               j - +6 ring of dexterity

@: about to teleport
A: large, unfitting armour, claws 3, regeneration 1, shaggy fur 1, tough skin 1
a: Renounce Religion, Heroism, Finesse


You were on level 12 of the Dungeon.
You worshipped Okawaru.
Okawaru was greatly pleased with you.
You visited 2 branches of the dungeon, and saw 12 of its levels.

You collected 478 gold pieces.

Inventory:

Hand Weapons
 d - a +3 war axe of draining
Armour
 a - a +0 robe (worn)
 p - a +1 tower shield (worn)
Jewellery
 j - a +6 ring of dexterity (right claw)
 s - an amulet of reflection (around neck)
 u - a +4 ring of protection (left claw)
Wands
 i - a wand of flame (23)
 q - a wand of digging (8)
 A - a wand of iceblast (7)
 C - a wand of light (9) (quivered)
Scrolls
 b - 2 scrolls of amnesia
 e - 2 scrolls of butterflies
 f - a scroll of acquirement {unknown}
 m - 3 scrolls of fear
 r - a scroll of enchant armour
 B - a scroll of blinking
Potions
 c - a potion of lignification
 g - 3 potions of degeneration
 h - a potion of invisibility
 k - 2 potions of attraction
 l - a potion of flight
 n - 5 potions of heal wounds
 t - 2 potions of brilliance
 v - a potion of berserk rage {unknown}
 x - 2 potions of mutation {unknown}
 z - a potion of curing
 D - a potion of ambrosia {unknown}
Miscellaneous
 w - a phantom mirror


   Skills:
 * Level 7.9 Fighting
 * Level 5.1 Axes
 + Level 6.3 Dodging
 + Level 6.8 Shields
 - Level 5.6 Unarmed Combat


You had 9 spell levels left.
You didn't know any spells.
Your spell library contained the following spells:

 Spells                   Type           Power      Damage    Failure   Level
 Apportation              Tloc           0%         N/A       97%         1
 Magic Dart               Conj           0%         1d3       97%         1
 Shock                    Conj/Air       0%         1d3       97%         1
 Scorch                   Fire           0%         2d5       99%         2
 Conjure Flame            Conj/Fire      0%         6-21      100%        3
 Gell's Gravitas          Tloc           0%         N/A       100%        3
 Ignite Poison            Fire/Tmut/Pois 0%         N/A       100%        3
 Lesser Beckoning         Tloc           0%         N/A       100%        3
 Mephitic Cloud           Conj/Pois/Air  0%         N/A       100%        3
 Swiftness                Air            0%         N/A       100%        3
 Teleport Other           Tloc           0%         N/A       100%        3
 Airstrike                Air            0%         2d(0-16)  100%        4
 Corpse Rot               Necr/Pois/Air  0%         N/A       100%        4
 Dispel Undead            Necr           0%         3d6       100%        4
 Flame Wave               Conj/Fire      0%         2d4       100%        4
 Sticky Flame             Conj/Fire      0%         2d3       100%        4
 Alistair's Intoxication  Tmut/Pois      0%         N/A       100%        5
 Freezing Cloud           Conj/Ice/Air   0%         6-21      100%        5
 Borgnjor's Revivificati  Necr           0%         N/A       100%        8
 Necromutation            Tmut/Necr      0%         N/A       100%        8
 Death's Door             Necr           0%         N/A       100%        9
 Death Channel            Necr           Unusable   N/A       N/A         6
 Summon Cactus Giant      Summ           Unusable   N/A       N/A         6

Dungeon Overview and Level Annotations

Branches:
Dungeon (10/15)            Temple (1/1) D:5            Lair (0/5) D:9
    Orc: D:9-12

Altars:
Ashenzari
Cheibriados
Dithmenos
Elyvilon
Fedhas
Gozag
Hepliaklqana
Kikubaaqudgha
Makhleb
Nemelex Xobeh
Okawaru
Qazlal
Ru
Sif Muna
Trog
Uskayaw
Vehumet
Wu Jian
Xom
Yredelemnul
Zin
The Shining One

Shops:
D:3 ?


Innate Abilities, Weirdness & Mutations

You are too large for most types of armour.
You have claws for hands.
Your natural rate of healing is unusually fast.
You are covered in fur. (AC +1)
You have tough skin. (AC +1)


Message History

The seven-headed hydra bites you.
You block the seven-headed hydra's attack.
You block something's attack.
You claw one of the seven-headed hydra's heads off!
The six-headed hydra grows two more!
You claw the eight-headed hydra!
The eight-headed hydra is lightly wounded.
Something hits you.
You block the eight-headed hydra's attack.
The eight-headed hydra bites you! x2
The eight-headed hydra barely misses you.
The eight-headed hydra bites you but does no damage.
You block the eight-headed hydra's attack. x2
The eight-headed hydra bites you.
You barely miss the eight-headed hydra.
The eight-headed hydra is lightly wounded.
Something hits you!
You block the eight-headed hydra's attack. x2
The eight-headed hydra bites you!
* * * LOW HITPOINT WARNING * * *
You block the eight-headed hydra's attack.
The eight-headed hydra completely misses you.
The eight-headed hydra barely misses you.
The eight-headed hydra bites you.
* * * LOW HITPOINT WARNING * * *
The eight-headed hydra barely misses you.
You block something's attack. Something hits you but does no damage.
As you read the scroll of teleportation, it crumbles to dust.
You feel strangely unstable.
The eight-headed hydra is no longer blind.
You block something's attack. The eight-headed hydra bites you!
* * * LOW HITPOINT WARNING * * *
The eight-headed hydra barely misses you.
You block the eight-headed hydra's attack.
The eight-headed hydra bites you.
* * * LOW HITPOINT WARNING * * *
You block the eight-headed hydra's attack.
The eight-headed hydra misses you.
The eight-headed hydra bites you but does no damage.
The eight-headed hydra bites you!
You die...

#.........#
#.......... ##
#.......... ...
#..........
.... #........#
#...##........#
#.....D.......#
#......@.....[#
#.............#
#.............#
#.............#
#.............#
#.............#
#.............#
#.............#
.............#


You could see an eight-headed hydra.

Vanquished Creatures
  Maggie (D:6)
  A troll (D:9)
  11 yaks
  A steam dragon (D:9)
  Eustachio (D:6)
  Menkaure (D:7)
  A water moccasin (D:7)
  An orc warrior (D:9)
  2 sky beasts (D:6)
  2 centaurs
  3 ogres
  An ice beast (D:7)
  A phantom (D:7)
  3 bullfrogs
  Blork the orc (D:6)
  2 necrophages
  6 scorpions
  4 wights (D:8)
  7 killer bees
  2 howler monkeys (D:9)
  2 gnoll boudas
  3 jellies
  3 orc priests
  An iguana (D:5)
  4 orc wizards
  7 gnolls
  12 adders
  A shadow imp (D:8)
  2 white imps
  4 worms
  6 dart slugs
  17 orcs
  5 endoplasms
  2 giant cockroaches
  3 hobgoblins
  6 kobolds
  3 quokkas
  9 ball pythons
  3 bats
  6 frilled lizards (D:1)
  7 goblins
  7 rats
165 creatures vanquished.

Notes
Turn   | Place    | Note
-------+----------+-------------------------------------------
     0 | D:1      | lonewolfV2 the Troll Fighter began the quest for the Orb.
     0 | D:1      | Reached XP level 1. HP: 22/22 MP: 0/0
   167 | D:1      | Reached XP level 2. HP: 29/29 MP: 1/1
   306 | D:1      | Found a faded altar of an unknown god.
   794 | D:2      | Reached XP level 3. HP: 31/36 MP: 2/2
  1077 | D:2      | Reached XP level 4. HP: 44/44 MP: 3/3
  1327 | D:2      | Reached skill level 3 in Fighting
  1874 | D:3      | Found Veirym's Magic Scroll Boutique.
  2098 | D:3      | Found a hide-covered altar of Uskayaw.
  2466 | D:4      | Reached XP level 5. HP: 38/53 MP: 4/4
  2866 | D:4      | Noticed an ogre
  2876 | D:4      | Killed an ogre
  2877 | D:4      | Reached XP level 6. HP: 28/61 MP: 5/5
  2963 | D:4      | Found a glowing silver altar of Zin.
  3344 | D:5      | Entered Level 5 of the Dungeon
  3363 | D:5      | Reached XP level 7. HP: 68/68 MP: 6/6
  3403 | D:5      | Reached skill level 4 in Fighting
  3537 | D:5      | Found a staircase to the Ecumenical Temple.
  3606 | Temple   | Entered the Ecumenical Temple
  3652 | Temple   | Became a worshipper of Warmaster Okawaru
  3844 | D:5      | Found a shimmering altar of Xom.
  4040 | D:6      | Noticed Blork the orc
  4040 | D:6      | Noticed Eustachio
  4049 | D:6      | Killed Blork the orc
  4070 | D:6      | Killed Eustachio
  4070 | D:6      | Reached * piety under Okawaru
  4071 | D:6      | Reached XP level 8. HP: 73/79 MP: 7/7
  4098 | D:6      | Reached skill level 5 in Shields
  4100 | D:6      | Reached skill level 5 in Fighting
  4100 | D:6      | Reached skill level 5 in Unarmed Combat
  4320 | D:6      | Identified the +0 cloak "Reahuda" {rElec}
  4364 | D:6      | Found an opulent altar of Gozag.
  4371 | D:6      | Found an ancient bone altar of Kikubaaqudgha.
  4476 | D:6      | Noticed Maggie
  4490 | D:6      | HP: 1/79 [Maggie/bolt of fire (20)]
  4494 | D:6      | Killed Maggie
  4494 | D:6      | Reached ** piety under Okawaru
  4495 | D:6      | Reached skill level 5 in Dodging
  4990 | D:6      | Found a radiant altar of Vehumet.
  4994 | D:6      | Got Vehumet's Encyclopedia of Striking
  4997 | D:6      | Found a shimmering blue altar of Sif Muna.
  5223 | D:7      | Reached skill level 6 in Fighting
  5236 | D:7      | Reached skill level 1 in Axes
  5267 | D:7      | Reached XP level 9. HP: 86/88 MP: 8/8
  5384 | D:7      | Noticed Menkaure
  5402 | D:7      | Killed Menkaure
  6214 | D:7      | Found a broken altar of Ashenzari.
  6298 | D:8      | Found a blossoming altar of Fedhas.
  6315 | D:8      | Found a hazy altar of Hepliaklqana.
  6333 | D:8      | Reached *** piety under Okawaru
  6410 | D:8      | Reached skill level 7 in Fighting
  6793 | D:8      | Found a stormy altar of Qazlal.
  7880 | D:9      | Noticed a troll
  7890 | D:9      | Killed a troll
  7891 | D:9      | Reached XP level 10. HP: 73/96 MP: 9/9
  7996 | D:9      | Reached **** piety under Okawaru
  8101 | D:9      | Found a staircase to the Lair.
  8184 | D:9      | Reached skill level 5 in Axes
  8528 | D:10     | Entered Level 10 of the Dungeon
  8641 | D:10     | You fall into a shaft and drop 2 floors!
  8648 | D:12     | Noticed a six-headed hydra
  8659 | D:12     | Slain by an eight-headed hydra

Illustrated notes

Levels and vault maps discovered:
D:1:      giann_horns, layout_basic, ebering_ecumenical_altar_box,
          minmay_heptomino_o4
D:2:      layout_basic
D:3:      layout_loops_ring, mainiacjoe_overflow_concentric_impassable,
          serial_co_window_serial, co_window_of_opportunity_a,
          co_window_paths_a, co_window_of_opportunity_a, co_window_corner_a,
          co_window_paths_a, co_window_broadway_c, co_window_broadway_c,
          co_window_corner_cb, co_window_corner_b, co_window_unsneaky_path_d,
          co_window_paths_c, co_window_corner_cb, co_window_paths_d,
          serial_shops, shop
D:4:      layout_basic, zin_statuary
D:5:      layout_cave_pools, marbit_many_paths, minmay_temple_entry_slanted,
          minmay_misc_feat_pillars
D:6:      layout_basic, grunt_temple_overflow_magic_moments,
          grunt_gozag_statues, minmay_misc_feat_doors, uniq_eustachio,
          uniq_maggie, uniq_blork_the_orc
D:7:      layout_basic, lemuel_round_altar, uniq_menkaure
D:8:      layout_basic, mainiacjoe_overflow_paths,
          mainiacjoe_overflow_catwalk_spiral
D:9:      layout_loops_ring, lair_entry_dummy
D:10:     layout_basic, enter_bailey_2, uniq_harold
D:12:     layout_long_grid, kennysheep_potato
Temple:   chequers_temple_sunken

Skill      XL: |  1  2  3  4  5  6  7  8  9 10 |
---------------+-------------------------------+-----
Shields        | 3 4 5 6 |  6.8
Dodging        | 3 4 5 6 |  6.3
Fighting       | 3 4 6 7 |  7.9
Unarmed Combat | 3 4 5 |  5.6
Axes           | 1 4 5 |  5.1

Action                   |  1- 3 |  4- 6 |  7- 9 | 10-12 || total
-------------------------+-------+-------+-------+-------++-------
Melee: Unarmed           |    94 |   105 |    85 |     3 ||   287
       War axe           |       |       |   105 |    64 ||   169
Evoke: Wand              |       |       |       |     1 ||     1
  Use: Scroll            |     9 |     2 |     9 |     1 ||    21
       Potion            |       |     1 |     3 |       ||     4
 Stab: Sleeping          |       |     1 |       |       ||     1
Armor: Robe              |    30 |    26 |    26 |    31 ||   113
Dodge: Dodged            |    28 |    42 |    56 |    25 ||   151
Block: Kite shield       |    37 |    19 |       |       ||    56
       Tower shield      |       |    53 |   212 |   107 ||   372
       Reflection        |       |       |     2 |     1 ||     3
